 Dungeon Crawl Stone Soup version 0.18.1-48-g4cf74bf (webtiles) character file.

142475 nikopol the Impaler (level 16, -7/220 HPs)
             Began as a Minotaur Berserker on July 11, 2016.
             Was the Champion of Trog.
             Mangled by a wolf spider (10 damage)
             ... on level 1 of the Spider Nest on July 12, 2016.
             The game lasted 01:52:50 (31828 turns).

nikopol the Impaler (Minotaur Berserker)           Turns: 31828, Time: 01:52:51

Health: -7/220     AC: 29    Str: 25    XL:     16   Next: 80%
Magic:  5/5        EV: 18    Int:  4    God:    Trog [******]
Gold:   2888       SH:  0    Dex: 18    Spells: 0 memorised, 15 levels left

rFire  . . .     SeeInvis +     x - +9 halberd (antimagic)
rCold  . . .     Gourm    .     U - +1 chain mail {rPois}
rNeg   . . .     Faith    .     (shield currently unavailable)
rPois  +         Spirit   .     i - +2 hat
rElec  .         Dismiss  .     z - +2 cloak of Faskah {+Inv SInv}
rCorr  .         Reflect  .     X - +2 pair of gloves {Dex+3}
SustAt .         Harm     .     C - +1 pair of boots
MR     +....                    (no amulet)
Stlth  ..........               y - +4 ring of slaying
                                n - +3 ring of protection

@: berserking, very quick, somewhat resistant to hostile enchantments, extremely
unstealthy
A: retaliatory headbutt, horns 2, clumsy 1, weak 1
a: Berserk, Trog's Hand, Brothers in Arms, Burn Spellbooks, Renounce Religion,
Evoke Invisibility


You were on level 1 of the Spider Nest.
You worshipped Trog.
Trog was exalted by your worship.
You were not hungry.

You visited 4 branches of the dungeon, and saw 26 of its levels.
You also visited: Labyrinth, Ossuary, Ice Cave and Volcano.

You collected 3351 gold pieces.
You spent 463 gold pieces at shops.

Inventory:

Hand Weapons
 a - a +3 glaive of flaming
 c - a +7 longbow of velocity
 x - a +9 antimagic halberd (weapon)
Missiles
 A - 600 arrows (quivered)
Armour
 i - a +2 hat (worn)
 z - the +2 cloak of Faskah (worn) {+Inv SInv}
   (You bought it in a shop on level 2 of the Orcish Mines)

   It lets you see invisible.
   It lets you turn invisible.
 C - a +1 pair of boots (worn)
 R - the +0 leather armour of the Cicada {rF+ MR+ Dex+3 SInv}
   (You found it on level 9 of the Dungeon)

   It affects your dexterity (+3).
   It protects you from fire.
   It affects your resistance to hostile enchantments.
   It lets you see invisible.
 U - a +1 chain mail of poison resistance (worn)
 W - the +0 chain mail of Mental Paralysis {MR+ Dex+2}
   (You found it on level 6 of the Lair of Beasts)

   It affects your dexterity (+2).
   It affects your resistance to hostile enchantments.
 X - a +2 pair of gloves of dexterity (worn)
Jewellery
 g - an uncursed ring of flight
 n - a +3 ring of protection (left hand)
 q - an uncursed ring of sustain attributes
 y - a +4 ring of slaying (right hand)
 B - an uncursed ring of resist corrosion
 Z - an uncursed ring of poison resistance
Scrolls
 f - 5 scrolls of remove curse
 h - 8 scrolls of teleportation
 j - 7 scrolls of identify
 k - a scroll of fear
 p - 2 scrolls of magic mapping
 u - a scroll of holy word
 G - a scroll of silence
 P - 2 scrolls of enchant armour
 Q - 3 scrolls of fog
 Y - 4 scrolls of recharging
Potions
 d - 3 potions of cancellation
 e - 4 potions of invisibility
 m - 5 potions of agility
 r - 7 potions of curing
 t - 4 potions of ambrosia
 w - 2 potions of berserk rage
 E - 6 potions of heal wounds
 F - 8 potions of brilliance
 H - 2 potions of resistance
 J - 4 potions of haste
 K - 5 potions of flight
 N - a potion of cure mutation
Miscellaneous
 v - an ornate deck of defence {the Elixir}
 L - a lamp of fire
 S - a fan of gales
 T - a crystal ball of energy
 V - a disc of storms
Comestibles
 b - 13 meat rations
 l - 9 slices of pizza
 o - 11 beef jerkies
 s - 14 fruits
 D - 15 bread rations
 I - 3 chunks of flesh
 M - 14 royal jellies


   Skills:
 + Level 14.7 Fighting
 * Level 18.8 Polearms
 * Level 16.0 Bows
 + Level 14.3 Armour
 + Level 13.5 Dodging


You had 15 spell levels left.
You didn't know any spells.

Dungeon Overview and Level Annotations

Branches:
Dungeon (15/15)            Temple (0/1) D:6            Lair (8/8) D:8
 Shoals (0/4) Lair:3       Spider (1/4) Lair:5        Slime (0/6) Lair:8
    Orc (2/2) D:12            Elf (0/3) Orc:2        Vaults (0/5) D:13
 Depths (0/5) D:15

Altars:
Ashenzari
Cheibriados
Dithmenos
Kikubaaqudgha
Nemelex Xobeh
Okawaru
Pakellas
Qazlal
Ru
Trog
Vehumet
Xom
Beogh
Jiyva

Shops:
D:10 =   D:12 [![**   Orc:2 [:*(


Innate Abilities, Weirdness & Mutations

You reflexively headbutt those who attack you in melee.
You have a pair of horns on your head.
You are clumsy. (Dex -2)
You are weak. (Str -2)


Message History

Trog accepts your kill.
Trog appreciates your killing of a magic user.
The redback bites you!
* * * LOW HITPOINT WARNING * * *
The wolf spider barely misses you. The wolf spider completely misses you.
The redback bites you.
* * * LOW HITPOINT WARNING * * *
The redback bites you but does no damage.
The wolf spider closely misses you. You furiously retaliate!
You headbutt the wolf spider! The wolf spider barely misses you.
Your stone giant hits the redback!
The redback dies!
Trog accepts your kill. The redback bites you!
* * * LOW HITPOINT WARNING * * *
Things that are here:
a demonic crawler corpse; a moth of wrath corpse You feel a strong urge to attack something.
The wolf spider closely misses you. The wolf spider bites you!
You die...

....%.# .......
....... .......
..#....###
.......#.###
.....!.s@..##
.^...†††s...#
......Css...#
$......>....#
.........sB....
.........s(....
................
.............s..
...(....?....s.


You could see a boulder beetle, a wolf spider (berserk), an orb spider, a
jumping spider, 4 redbacks and a friendly stone giant (berserk).

Vanquished Creatures
  A tengu reaver (D:15)
  A frost giant (D:15)
  Donald (Orc:2)
  A fire giant (D:15)
  Maud (Orc:1)
  An orc warlord (Orc:2)
  A stone giant (D:15)
  Snorg (Lair:8)
  Josephine (D:12)
  A minotaur (Lab)
  A yaktaur captain (D:15)
  10 hydras
  The ghost of raikaria the Spear-Bearer, a journeyman MfGl of Pakellas (IceCv)
  2 catoblepae
  Erica (Orc:1)
  A death yak (Lair:7)
  The ghost of junkhipster the Fighter, a journeyman GrFi of Cheibriados (D:10)
  4 centaur warriors
  3 ogre magi (D:15)
  3 death knights
  A deep troll earth mage (D:15)
  2 orc high priests
  2 deep elf knights (D:15)
  A fire crab (shapeshifter) (D:15)
  A flayed ghost (D:15)
  A fire crab (Lair:8)
  3 unseen horrors
  A skeletal warrior (D:13)
  A deep troll (D:15)
  13 hill giants
  6 orc knights
  A phantasmal warrior (D:15)
  A hornet (D:15)
  The ghost of raikaria the Spear-Bearer, a novice MfGl of Pakellas (D:6)
  19 ugly things
  7 cyclopes
  5 orc sorcerers
  A manticore (shapeshifter) (D:14)
  2 manticores (D:15)
  An oklob plant (Lair:7)
  2 wolf spiders
  3 deep elf magi (D:15)
  A moth of wrath (Spider:1)
  5 griffons
  12 elephants (Lair:5)
  2 ice statues (IceCv)
  8 black mambas
  16 spiny frogs
  A torpor snail (Lair:8)
  2 rime drakes
  5 freezing wraiths
  A demonic crawler (Spider:1)
  A queen bee (Lair:2)
  16 komodo dragons
  3 spriggan druids (Lair:8)
  A guardian mummy (Volcano)
  7 polar bears (Lair:8)
  8 trolls
  A boulder beetle (D:15)
  Grinder (D:4)
  4 two-headed ogres
  A hornet zombie (D:15)
  2 minotaur skeletons (Volcano)
  17 blink frogs
  2 flying skulls (Volcano)
  3 redbacks (Lair:8)
  3 centaur simulacra (D:15)
  5 shadows
  5 wyverns
  13 spriggans
  5 water elementals
  5 vampires
  70 yaks
  16 humans
  6 hungry ghosts
  10 wraiths
  The ghost of Rationalist the Shield-Bearer, an amateur FoFi (D:3)
  4 basilisks
  11 hippogriffs
  5 vampire mosquitoes (D:15)
  2 wargs
  2 mottled dragons
  A soldier ant (D:15)
  19 water moccasins
  19 porcupines
  8 ice beasts
  5 phantoms
  6 sky beasts
  32 orc warriors
  5 black bears (Lair:8)
  3 wasps (Lair:8)
  25 ogres
  8 centaurs
  An eye of draining (D:15)
  13 wolves (Lair:8)
  3 manticore skeletons (Volcano)
  8 crocodiles
  A big kobold (D:13)
  23 giant frogs
  7 scorpions
  4 wights (D:9)
  35 killer bees
  3 spriggan skeletons (Volcano)
  A troll skeleton (Volcano)
  2 howler monkeys
  5 electric eels
  9 crimson imps
  7 centaur zombies
  2 human zombies (Ossuary)
  A wyvern simulacrum (D:13)
  A giant frog zombie (D:9)
  2 jellies
  23 orc wizards
  5 centaur skeletons
  9 orc priests
  6 hounds
  3 giant frog skeletons
  A two-headed ogre skeleton (Volcano)
  11 iguanas
  10 worker ants
  24 sheep
  2 killer bee zombies
  2 big kobold zombies (Ossuary)
  An ogre skeleton (Volcano)
  A hound zombie (D:7)
  4 mummies
  A howler monkey zombie (D:7)
  12 gnolls
  A worker ant zombie (D:5)
  86 river rats
  8 adders
  2 howler monkey skeletons
  3 shadow imps
  12 white imps (Lair:7)
  5 oozes
  2 adder zombies (Ossuary)
  3 worms
  2 giant geckos
  102 orcs
  3 giant cockroaches
  6 goblins
  6 hobgoblins
  3 jackals
  4 quokkas
  3 ball pythons
  8 bats
  5 giant newts
  2 goblin zombies (Ossuary)
  8 hobgoblin zombies (Ossuary)
  16 kobolds
  11 kobold zombies (Ossuary)
  9 orc zombies (Ossuary)
  A quokka zombie (D:6)
  6 rats
  A rat zombie (Ossuary)
  3 fungi
  3 plants
1093 creatures vanquished.

Vanquished Creatures (collateral kills)
  Rupert (Lair:8)
  An entropy weaver (Spider:1)
  Sonja (Lair:4)
  A polar bear (Lair:8)
  A redback (Spider:1)
  A tarantella (Spider:1)
  A spriggan (Lair:8)
  An ice beast (IceCv)
  2 black bears (Lair:8)
  3 wolves (Lair:8)
13 creatures vanquished.

Vanquished Creatures (others)
  27 fungi
  33 plants
60 creatures vanquished.

Grand Total: 1166 creatures vanquished

Notes
Turn   | Place    | Note
--------------------------------------------------------------
     0 | D:1      | nikopol the Minotaur Berserker began the quest for the Orb.
     0 | D:1      | Reached XP level 1. HP: 19/19 MP: 0/0
   132 | D:1      | Reached XP level 2. HP: 27/27 MP: 1/1
   888 | D:2      | Reached XP level 3. HP: 32/33 MP: 2/2
   939 | D:2      | Reached ** piety under Trog
   967 | D:2      | Reached skill level 4 in Polearms
   998 | D:2      | Found a radiant altar of Vehumet.
  1453 | D:3      | Reached XP level 4. HP: 28/41 MP: 3/3
  1454 | D:3      | Found a sparkling altar of Nemelex Xobeh.
  1998 | D:3      | Found a shattered altar of Ashenzari.
  2040 | D:3      | Noticed Rationalist's ghost (amateur FoFi)
  2045 | D:3      | Killed Rationalist's ghost
  2045 | D:3      | Reached skill level 5 in Fighting
  2045 | D:3      | Reached skill level 5 in Polearms
  2045 | D:3      | Reached XP level 5. HP: 48/48 MP: 4/4
  2143 | D:3      | Reached *** piety under Trog
  2143 | D:3      | Reached XP level 6. HP: 56/56 MP: 5/5
  3162 | D:4      | Reached XP level 7. HP: 51/62 MP: 6/6
  3168 | D:4      | Reached skill level 6 in Polearms
  3332 | D:4      | Noticed Grinder
  3336 | D:4      | Killed Grinder
  3336 | D:4      | Reached skill level 5 in Armour
  3336 | D:4      | Reached skill level 5 in Dodging
  3671 | D:5      | Entered Level 5 of the Dungeon
  3677 | D:5      | Found an oddly glowing altar of Pakellas.
  3678 | D:5      | Found an ancient bone altar of Kikubaaqudgha.
  3696 | D:5      | Found a snail-covered altar of Cheibriados.
  3749 | D:5      | Found a sand-covered staircase.
  3752 | D:5      | Reached XP level 8. HP: 71/71 MP: 7/7
  3756 | Ossuary  | Entered an ossuary
  3867 | Ossuary  | Reached skill level 7 in Polearms
  4104 | D:5      | Reached **** piety under Trog
  4450 | D:5      | Found a sacrificial altar of Ru.
  4505 | D:5      | Found an iron altar of Okawaru.
  4506 | D:5      | Found a bloodstained altar of Trog.
  4717 | D:6      | Noticed raikaria's ghost (novice MfGl)
  4732 | D:6      | Killed raikaria's ghost
  4732 | D:6      | Reached skill level 8 in Polearms
  4843 | D:6      | Found an oddly glowing altar of Pakellas.
  4929 | D:6      | Reached XP level 9. HP: 80/80 MP: 8/8
  5024 | D:6      | Found a staircase to the Ecumenical Temple.
  5615 | D:7      | Reached ***** piety under Trog
  5615 | D:7      | Reached skill level 1 in Bows
  6149 | D:8      | Reached skill level 9 in Polearms
  6326 | D:8      | Found a staircase to the Lair.
  6326 | D:8      | Noticed a komodo dragon
  6357 | D:8      | Killed a komodo dragon
  6694 | D:8      | Found a stormy altar of Qazlal.
  6694 | D:8      | Found a shadowy altar of Dithmenos.
  7071 | D:8      | Found a stormy altar of Qazlal.
  7234 | Lair:1   | Entered Level 1 of the Lair of Beasts
  7245 | Lair:1   | Reached XP level 10. HP: 65/90 MP: 9/9
  7251 | Lair:1   | Reached skill level 10 in Polearms
  7299 | Lair:1   | Noticed a spiny frog
  7312 | D:8      | Killed a spiny frog
  7312 | D:8      | Reached skill level 5 in Bows
  7727 | Lair:1   | Noticed a spiny frog
  7732 | Lair:1   | Killed a spiny frog
  8069 | Lair:1   | Noticed a black mamba
  8075 | Lair:1   | Killed a black mamba
  8140 | Lair:1   | Noticed a black mamba
  8152 | Lair:1   | Killed a black mamba
  8152 | Lair:1   | Received a gift from Trog
  8152 | Lair:1   | Reached skill level 11 in Polearms
  8755 | Lair:1   | Reached XP level 11. HP: 95/99 MP: 3/10
  9781 | Lair:2   | Reached skill level 10 in Fighting
  9880 | Lair:2   | Noticed a catoblepas
  9897 | Lair:2   | Killed a catoblepas
 10192 | Lair:2   | Noticed a four-headed hydra
 10203 | Lair:2   | Killed a four-headed hydra
 10203 | Lair:2   | Reached skill level 12 in Polearms
 10529 | Lair:2   | Received a gift from Trog
 11170 | Lair:3   | Reached skill level 10 in Armour
 11245 | Lair:3   | Found a staircase to the Shoals.
 11946 | Lair:4   | Found a dark tunnel.
 11977 | Lair:4   | Reached XP level 12. HP: 107/107 MP: 3/11
 12040 | Volcano  | Entered a volcano
 12707 | Lair:4   | Reached skill level 13 in Polearms
 12736 | Lair:4   | Noticed Sonja
 12762 | Lair:4   | Killed Sonja
 13119 | Lair:4   | Noticed an eight-headed hydra
 13128 | Lair:4   | Killed an eight-headed hydra
 13128 | Lair:4   | Reached skill level 10 in Dodging
 13135 | Lair:4   | Reached skill level 10 in Bows
 14384 | Lair:5   | Found a hole to the Spider Nest.
 15264 | Lair:6   | Got a twisted chain mail
 15276 | Lair:6   | Reached XP level 13. HP: 115/116 MP: 12/12
 15448 | Lair:6   | Received a gift from Trog
 15461 | Lair:6   | Reached skill level 14 in Polearms
 15493 | Lair:6   | Identified the +0 chain mail of Mental Paralysis {MR+ Dex+2} (You found it on level 6 of the Lair of Beasts)
 16537 | Lair:7   | Received a gift from Trog
 17057 | Lair:7   | Found a frozen archway.
 17075 | IceCv    | Entered an ice cave
 17075 | IceCv    | Noticed raikaria's ghost (journeyman MfGl)
 17095 | IceCv    | Killed raikaria's ghost
 18296 | Lair:8   | Entered Level 8 of the Lair of Beasts
 18707 | Lair:8   | Received a gift from Trog
 18801 | Lair:8   | Reached skill level 15 in Polearms
 18834 | Lair:8   | Noticed Snorg
 18844 | Lair:8   | Killed Snorg
 19238 | Lair:8   | Received a gift from Trog
 19304 | Lair:8   | Reached XP level 14. HP: 79/127 MP: 13/13
 19309 | Lair:8   | Noticed Rupert
 19312 | Lair:8   | Paralysed by Rupert for 4 turns
 19326 | Lair:8   | Killed Rupert
 19338 | Lair:8   | Received a gift from Trog
 19824 | Lair:8   | Received a gift from Trog
 20052 | Lair:8   | Received a gift from Trog
 20383 | Lair:8   | Found a viscous altar of Jiyva.
 20384 | Lair:8   | Found a staircase to the Slime Pits.
 20742 | Lair:8   | Received a gift from Trog
 21065 | D:9      | Found a stormy altar of Qazlal.
 21131 | D:9      | Reached skill level 16 in Polearms
 21164 | D:9      | Found a roughly hewn altar of Beogh.
 21678 | D:9      | Got a shimmering leather armour
 21835 | D:10     | Entered Level 10 of the Dungeon
 21903 | D:10     | Found Ogee's Jewellery Boutique.
 22159 | D:10     | Received a gift from Trog
 22466 | D:10     | Noticed junkhipster's ghost (journeyman GrFi)
 22479 | D:10     | Killed junkhipster's ghost
 22864 | D:10     | Received a gift from Trog
 23451 | D:11     | Reached ****** piety under Trog
 23464 | D:11     | Found Erist's Antique Armour Boutique.
 23508 | D:11     | Received a gift from Trog
 23622 | D:11     | Identified a scroll of acquirement
 23651 | D:11     | Got a smoking ring mail
 23662 | D:11     | Identified the cursed +0 leather armour of the Cicada {rF+ MR+ Dex+3 SInv} (You found it on level 9 of the Dungeon)
 23673 | D:11     | Identified the cursed +0 ring mail "Byst" {Str+3} (You found it on level 11 of the Dungeon)
 23983 | D:12     | Noticed Josephine
 24011 | D:12     | Killed Josephine
 24040 | D:12     | Found Odi Mesch's Distillery.
 24057 | D:12     | Found Suan's Armour Shop.
 24061 | D:12     | Found a labyrinth entrance.
 24073 | Lab      | Entered a labyrinth
 24623 | Lab      | Received a gift from Trog
 24625 | Lab      | Identified the Volume of Venomous Flames
 24628 | Lab      | Got a translucent chain mail
 24642 | D:12     | Reached XP level 15. HP: 109/136 MP: 4/14
 24662 | D:12     | Identified the cursed +1 chain mail "Wighimow" {rElec Str+4} (You found it in a labyrinth)
 24870 | D:12     | Found Komeacw's Assorted Antiques.
 24949 | D:12     | Found Deihiop's Armour Shoppe.
 25133 | D:12     | Found Zisefath's Assorted Antiques.
 25168 | D:12     | Found a staircase to the Orcish Mines.
 25426 | Orc:1    | Entered Level 1 of the Orcish Mines
 25426 | Orc:1    | Noticed Maud
 25435 | Orc:1    | Killed Maud
 25440 | Orc:1    | Noticed Erica
 25443 | Orc:1    | Killed Erica
 25624 | Orc:2    | Entered Level 2 of the Orcish Mines
 25638 | Orc:2    | Reached skill level 17 in Polearms
 25646 | Orc:2    | Found Ukust's Antique Weapon Shop.
 25751 | Orc:2    | Received a gift from Trog
 25765 | Orc:2    | Found Hefes's General Store.
 25866 | Orc:2    | Noticed an orc warlord
 25903 | Orc:2    | Killed an orc warlord
 26135 | Orc:2    | Found Haistrad's Book Emporium.
 26352 | Orc:2    | Noticed Donald
 26366 | Orc:2    | Killed Donald
 26453 | Orc:2    | Found Waptout's Antique Armour Emporium.
 26533 | Orc:2    | Bought a shimmering cloak for 323 gold pieces
 26543 | Orc:2    | Identified the +2 cloak of Faskah {+Inv SInv} (You bought it in a shop on level 2 of the Orcish Mines)
 26634 | Orc:2    | Found a staircase to the Elven Halls.
 27121 | D:13     | Found a gate to the Vaults.
 27442 | D:13     | Received a gift from Trog
 27546 | D:13     | Received a gift from Trog
 28206 | D:14     | Found a shadowy altar of Dithmenos.
 28385 | D:14     | Got a scorched trident
 28386 | D:14     | Identified the +4 trident of the Traitor {pierce, +Fly rF+ Int+4} (You found it on level 14 of the Dungeon)
 28501 | D:14     | Received a gift from Trog
 28925 | D:15     | Entered Level 15 of the Dungeon
 28933 | D:15     | Reached skill level 15 in Bows
 28968 | D:15     | Reached XP level 16. HP: 83/146 MP: 5/15
 29415 | D:15     | Reached skill level 18 in Polearms
 29445 | D:15     | Found a staircase to the Depths.
 29528 | D:15     | Found a snail-covered altar of Cheibriados.
 29529 | D:15     | Found an ancient bone altar of Kikubaaqudgha.
 29529 | D:15     | Found a shimmering altar of Xom.
 29803 | D:15     | Received a gift from Trog
 30528 | D:15     | Received a gift from Trog
 31150 | D:15     | Got a warped shortbow
 31151 | D:15     | Identified the +3 shortbow of the Madman {flame, *Contam +Blink +Fly Dex+4} (You found it on level 15 of the Dungeon)
 31154 | D:15     | Gained mutation: You are clumsy. (Dex -2) [mutagenic glow]
 31182 | D:15     | Gained mutation: You are weak. (Str -2) [mutagenic glow]
 31238 | D:15     | Noticed a tengu reaver
 31248 | D:15     | Killed a tengu reaver
 31525 | D:12     | Bought a twisted pearl amulet for 140 gold pieces
 31807 | Spider:1 | Entered Level 1 of the Spider Nest
 31822 | Spider:1 | HP: 7/147 [wolf spider (25)]
 31822 | Spider:1 | HP: 2/147 [wolf spider (5)]
 31827 | Spider:1 | HP: 3/220 [redback (9)]
 31828 | Spider:1 | Mangled by a wolf spider

Skill      XL: |  1  2  3  4  5  6  7  8  9 10 11 12 13 14 15 16 |
---------------+-------------------------------------------------+-----
Fighting       | 4 5 6 7 8 9 10 11 12 13 14 | 14.7
Polearms       | 4 5 6 8 9 11 12 13 15 16 17 18 | 18.8
Dodging        | 3 4 5 6 7 8 9 10 11 12 13 | 13.5
Armour         | 3 4 5 7 8 9 10 11 12 13 14 | 14.3
Bows           | 4 6 9 11 12 13 15 16 | 16.0

Action                   |  1- 3 |  4- 6 |  7- 9 | 10-12 | 13-15 | 16-18 || total
-------------------------+-------+-------+-------+-------+-------+-------++-------
Melee: Spear             |   101 |    13 |    20 |    79 |       |       ||   213
       Headbutt          |    16 |    13 |    60 |   135 |   154 |    37 ||   415
       Trident           |       |   101 |   314 |   433 |       |       ||   848
       Halberd           |       |       |       |    34 |   621 |   170 ||   825
 Fire: Shortbow          |       |       |    19 |   335 |   326 |       ||   680
       Longbow           |       |       |       |       |   636 |   196 ||   832
Invok: Berserk           |       |     2 |     1 |     6 |     2 |     2 ||    13
       Burn Spellbooks   |       |       |     1 |     1 |     4 |     1 ||     7
       Trog's Hand       |       |       |       |     1 |     2 |       ||     3
       Brothers in Arms  |       |       |       |     1 |     2 |     1 ||     4
  Use: Scroll            |       |       |    15 |     5 |    23 |     4 ||    47
       Potion            |       |       |       |       |       |     1 ||     1
  Eat: Chunk             |     1 |     8 |    13 |    29 |    39 |    10 ||   100
       Pizza             |       |       |     1 |       |     1 |       ||     2
       Fruit             |       |       |       |     3 |     2 |     2 ||     7
       Beef jerky        |       |       |       |       |     1 |       ||     1
Armor: Animal skin       |     4 |       |       |       |       |       ||     4
       Ring mail         |    14 |    29 |    67 |   148 |     1 |       ||   259
       Chain mail        |       |       |       |       |   163 |    29 ||   192
       Leather armour    |       |       |       |       |    32 |    33 ||    65
Dodge: Dodged            |    39 |    57 |   120 |   294 |   387 |   187 ||  1084
